cohdb
Replays
Latest Replays
All Replays
Popular Replays
Top Player Replays
Match Explorer
How It Works
Community
CoH3 Stats
Reddit
Sign in to upload your games and track your stats! →
Sign in with Steam
Match 41163013
Unlisted
Match 41163013
Overview
Messages
Build Orders
End
Panzergrenadier Squad
Selects Battlefield Espionage Battlegroup
250 Light Carrier
Panzergrenadier Squad
Construct Light Support Kompanie
Combat Half-tracks
Fire Support Elements
Panzerjäger Squad
Construct Mechanized Kompanie
Selects Intel Disruption Beacon
StuG III D Assault Gun
Selects Plunder
le.IG 18 Mechanized Group
StuG III D Assault Gun
Pak 38 Anti-tank Gun Team
Selects 250/3 Funkpanzerwagen
Construct Panzerarmee Kommand
Armored Reserves
Selects Firestorm
Firestorm
Firestorm
Tiger Heavy Tank
Selects Anti-Tank Incendiary Munitions
Firestorm
Emergency Repair Kits
Para_Dilshan
Ico
Ayin
Akane
minaamiel3
Newbs101
速趴塞牙人
沉淀的沸羊羊
0
0
Comments
sign in to comment!
No comments posted yet!